 Dungeon Crawl Stone Soup version 0.29.0-4-gdea44cf6ec (webtiles) character file.

Game seed: 7684064781081259114

11956 qw the Grappler (level 11, 0/105 HPs)
             Began as a Troll Cinder Acolyte on Sept 1, 2022.
             Was an Initiate of Okawaru.
             Slain by a fire elemental (7 damage)
             ... created by the fiery vengeance of Ignis
             ... on level 1 of the Lair of Beasts.
             The game lasted 00:05:27 (8865 turns).

qw the Grappler (Troll Cinder Acolyte)              Turns: 8865, Time: 00:05:27

Health: 0/105      AC: 10    Str: 28      XL:     11   Next: 56%
Magic:  11/11      EV:  8    Int: 10      God:    Okawaru [......]
Gold:   416        SH:  5    Dex:  2 (5)  Spells: 12/12 levels left

rFire   . . .      SeeInvis .     - Unarmed
rCold   . . .      Faith    .   j - +0 kite shield
rNeg    . . .      Spirit   .   c - +0 steam dragon scales
rPois   .          Reflect  .   (helmet restricted)
rElec   .          Harm     .   m - +0 cloak
rCorr   .          Rampage  .   (gloves unavailable)
Will    .....                   (boots unavailable)
Stlth   +.........              (no amulet)
HPRegen 1.07/turn               (no ring)
MPRegen 0.12/turn               (no ring)

@: about to teleport, fire susceptible
A: large, unfitting armour, claws 3, regeneration 1, shaggy fur 1, tough skin 1,
mutation resistance 1
a: Renounce Religion


You were on level 1 of the Lair of Beasts.
You worshipped Okawaru.
Okawaru was noncommittal.
You visited 2 branches of the dungeon, and saw 11 of its levels.
You also visited: Sewer.

You collected 704 gold pieces.
You spent 288 gold pieces at shops.


Innate Abilities, Weirdness & Mutations

You are too large for most types of armour.
You have claws for hands.
Your natural rate of healing is unusually fast.
You are covered in fur. (AC +1)
You have tough skin. (AC +1)
You are somewhat resistant to further mutation.


   Skills:
 - Level 5.8 Fighting
 - Level 3.3 Throwing
 - Level 8.5 Armour
 - Level 1.3 Dodging
 + Level 1.9 Shields
 - Level 14.0 Unarmed Combat
 - Level 1.0 Spellcasting
 - Level 2.1 Fire Magic


You had 12 spell levels left.
You didn't know any spells.
Your spell library contained the following spells:

 Spells                   Type           Power      Damage    Failure   Level
 Scorch                   Fire           8%         2d5       47%         2

Inventory:

Missiles
 a - 7 boomerangs (quivered)
Armour
 c - +0 steam dragon scales (worn)
 j - a +0 kite shield (worn)
 m - a +0 cloak (worn)
Jewellery
 i - a ring of ice
Scrolls
 g - 2 scrolls of identify
 r - 4 scrolls of enchant weapon
Potions
 b - 5 potions of might
 d - a potion of resistance
 f - 4 potions of curing
 h - a potion of haste
 k - 2 potions of mutation

Dungeon Overview and Level Annotations

Branches:
Dungeon (10/15)            Temple (0/1) D:5            Lair (1/5) D:10
    Orc (0/2) D:10          Sewer (visited)

Altars:
Gozag
Hepliaklqana
Kikubaaqudgha
Makhleb
Nemelex Xobeh
Okawaru
Qazlal
Trog
Vehumet
Wu Jian
Xom
Yredelemnul

Shops:
D:5 [   D:6 ?   D:9 !


Message History

The swamp worm is severely wounded.
The swamp worm barely misses you.
You barely miss the swamp worm.
The swamp worm is severely wounded.
The swamp worm closely misses you.
You barely miss the swamp worm.
The swamp worm is severely wounded.
The swamp worm misses you.
You closely miss the swamp worm.
The swamp worm is severely wounded.
The swamp worm bites you!
You mangle the swamp worm!!
You kill the swamp worm!
Okawaru accepts your kill.
You start resting. "With a thousand fires I burned cities, but these will suffice for you!" 3 fire elementals come into view.
You mangle the fire elemental!!
The fire elemental is heavily damaged.
You claw the fire elemental!
The fire elemental is almost destroyed.
The fire elemental hits you. The fire elemental burns you!
You block the fire elemental's attack.
You mangle the fire elemental!!
You destroy the fire elemental!
That felt strangely unrewarding.
The fire elemental hits you. The fire elemental burns you!
The fire elemental hits you. The fire elemental burns you!
You closely miss the fire elemental. You block the fire elemental's attack.
The fire elemental completely misses you.
You closely miss the fire elemental. The fire elemental hits you.
The fire elemental burns you! The fire elemental hits you.
The fire elemental burns you!
8865 ||| READING scroll of teleportation.
As you read the scroll of teleportation, it crumbles to dust.
You feel strangely unstable. The fire elemental hits you.
The fire elemental burns you! The fire elemental hits you.
The fire elemental burns you!
You die...

.........###..#### #......
.........###.....######......
.........#~#.........##......
#..#~~.........#.......
##.###.#...............
#...#.#...###..#.../..
#...0.#..###..##......
#....E.........#......
#....@#..####.~~~~~P#.
###.##E..# #~~~~~~~#.
#####.###~~~~###~~~~
#..#.~~~### ###~~ ##...~~~#
##~ #...~~~P~~ #~ #...~~P#~~
#~ #...~~~# ~~ #....~~~~ ~~


You could see 2 fire elementals.

Vanquished Creatures
  A troll (D:10)
  Grinder (Sewer)
  A hornet (D:9)
  A wyvern (D:9)
  A wraith (D:10)
  A fire elemental (Lair:1)
  A basilisk (Lair:1)
  5 yaks
  4 steam dragons
  2 acid dragons
  2 water moccasins
  A swamp worm (Lair:1)
  3 sky beasts
  5 orc warriors
  3 black bears
  2 ogres
  5 centaurs
  2 phantoms
  10 kobold brigands
  5 bullfrogs
  A necrophage (D:5)
  4 gnoll sergeants
  2 scorpions
  A wight (Sewer)
  3 killer bees (D:6)
  2 electric eels
  3 howler monkeys
  5 hounds
  A jelly (D:7)
  2 gnoll boudas
  3 orc priests
  2 iguanas
  15 orc wizards
  11 adders
  18 gnolls
  2 river rats (D:3)
  2 shadow imps (Sewer)
  A white imp (D:7)
  4 ufetubi (Sewer)
  4 worms
  3 dart slugs
  32 orcs
  17 ball pythons
  A bat zombie (Sewer)
  3 endoplasms
  2 giant cockroaches
  7 goblins
  3 hobgoblins
  11 jackals
  4 quokkas
  A bat (Sewer)
  3 frilled lizards
  46 kobolds
  A kobold zombie (Sewer)
  9 rats
  A butterfly (D:5)
286 creatures vanquished.

Vanquished Creatures (others)
  2 orcs (D:6)
  16 plants
18 creatures vanquished.

Grand Total: 304 creatures vanquished

Notes
Turn   | Place    | Note
-------+----------+-------------------------------------------
     0 | D:1      | qw the Troll Cinder Acolyte began the quest for the Orb.
     0 | D:1      | Reached XP level 1. HP: 22/22 MP: 1/1
     0 | D:1      | 0 ||| qw: Version: 0.1-a-97-g2dd2ca4
     0 | D:1      | 0 ||| qw: Game counter: 4696
     0 | D:1      | 0 ||| qw: Always use a shield: true
     0 | D:1      | 0 ||| qw: God list: Okawaru
     0 | D:1      | 0 ||| qw: Allow faded altars: false
     0 | D:1      | 0 ||| qw: Do Orc after D:15 true
     0 | D:1      | 0 ||| qw: Do second Lair branch before Depths: true
     0 | D:1      | 0 ||| qw: Lair rune preference: random
     0 | D:1      | 0 ||| qw: Plans: Normal
     0 | D:1      | 0 ||| PLANNING D:1-11
   110 | D:1      | 110 ||| Stepping ~*~*~tactically~*~*~ (stealth).
   111 | D:1      | 111 ||| Stepping ~*~*~tactically~*~*~ (stealth).
   348 | D:1      | Reached XP level 2. HP: 29/29 MP: 2/2
   523 | D:1      | 523 ||| READING scroll labelled WUCORRI WUEPHA.
   524 | D:1      | 524 ||| READING 2 scrolls labelled FEEPTA CAIGH.
   525 | D:1      | 525 ||| READING scroll labelled AVIJOMEE NATS.
   529 | D:1      | 529 ||| READING scroll labelled UNONGAFITS.
   573 | D:2      | 573 ||| Stepping ~*~*~tactically~*~*~ (hiding).
   682 | D:2      | 682 ||| Stepping ~*~*~tactically~*~*~ (outnumbered).
   683 | D:2      | 683 ||| Stepping ~*~*~tactically~*~*~ (outnumbered).
   684 | D:2      | 684 ||| Stepping ~*~*~tactically~*~*~ (outnumbered).
   685 | D:2      | 685 ||| Stepping ~*~*~tactically~*~*~ (outnumbered).
   686 | D:2      | 686 ||| Stepping ~*~*~tactically~*~*~ (outnumbered).
   687 | D:2      | 687 ||| Stepping ~*~*~tactically~*~*~ (outnumbered).
   732 | D:2      | Reached skill level 4 in Unarmed Combat
   872 | D:2      | Reached XP level 3. HP: 36/36 MP: 3/3
   951 | D:2      | Reached skill level 1 in Throwing
  1380 | D:2      | 1380 ||| READING scroll labelled QIPNEU DUELETI.
  1481 | D:2      | 1481 ||| READING scroll labelled NAFIEVV JONO.
  1482 | D:2      | 1482 ||| READING scroll labelled MICI CUNOUS.
  1483 | D:2      | 1483 ||| DRINKING 2 metallic puce potions.
  1484 | D:2      | 1484 ||| DRINKING 2 amethyst potions.
  1485 | D:2      | 1485 ||| DROPPING potion of brilliance.
  1499 | D:3      | 1499 ||| PLANNING SEWER
  1638 | D:3      | Reached XP level 4. HP: 44/44 MP: 4/4
  1839 | D:3      | Found a faded altar of an unknown god.
  2165 | D:3      | Reached skill level 5 in Unarmed Combat
  2191 | D:3      | Found a glowing drain.
  2194 | D:3      | 2194 ||| READING 2 scrolls labelled RAGGEAKUAMM.
  2195 | D:3      | 2195 ||| READING scroll labelled CAPEGU HIOSIEXI.
  2196 | D:3      | 2196 ||| DROPPING scroll of butterflies.
  2204 | Sewer    | Entered a sewer
  2305 | Sewer    | Reached XP level 5. HP: 48/50 MP: 5/5
  2313 | Sewer    | 2313 ||| INVOKING Fiery Armour.
  2342 | Sewer    | 2342 ||| Stepping ~*~*~tactically~*~*~ (stealth).
  2343 | Sewer    | 2343 ||| Stepping ~*~*~tactically~*~*~ (stealth).
  2360 | Sewer    | Reached skill level 6 in Unarmed Combat
  2374 | Sewer    | 2374 ||| Stepping ~*~*~tactically~*~*~ (outnumbered).
  2387 | Sewer    | Found an ancient bone altar of Kikubaaqudgha.
  2390 | Sewer    | 2390 ||| Stepping ~*~*~tactically~*~*~ (stealth).
  2391 | Sewer    | 2391 ||| Stepping ~*~*~tactically~*~*~ (stealth).
  2398 | Sewer    | Noticed a phantom
  2404 | Sewer    | 2404 ||| Stepping ~*~*~tactically~*~*~ (outnumbered).
  2406 | Sewer    | 2406 ||| Stepping ~*~*~tactically~*~*~ (outnumbered).
  2409 | Sewer    | Killed a phantom
  2410 | Sewer    | Reached XP level 6. HP: 55/59 MP: 6/6
  2418 | Sewer    | Reached skill level 7 in Unarmed Combat
  2468 | Sewer    | Noticed Grinder
  2475 | Sewer    | Paralysed by Grinder for 4 turns
  2480 | Sewer    | 2480 ||| INVOKING Fiery Armour.
  2481 | Sewer    | HP: 14/59 [Grinder (7)]
  2482 | Sewer    | 2482 ||| DRINKING potion of heal wounds.
  2490 | Sewer    | Killed Grinder
  2491 | Sewer    | Reached skill level 8 in Unarmed Combat
  2491 | Sewer    | Reached XP level 7. HP: 47/66 MP: 7/7
  2557 | Sewer    | 2557 ||| READING scroll labelled VEIL BIGGADAMI.
  2558 | Sewer    | 2558 ||| DRINKING 2 bubbling green potions.
  2559 | Sewer    | 2559 ||| DRINKING 2 fuming puce potions.
  2559 | Sewer    | Gained mutation: You are somewhat resistant to further
                  | mutation. [potion of mutation]
  2560 | Sewer    | 2560 ||| DRINKING 2 glowing grey potions.
  2561 | Sewer    | 2561 ||| DROPPING potion of invisibility.
  2562 | Sewer    | 2562 ||| Stepping randomly (stuck).
  2563 | Sewer    | 2563 ||| Stepping ~*~*~tactically~*~*~ (cloud).
  2634 | D:3      | 2634 ||| PLANNING D:1-11
  2760 | D:4      | Reached skill level 3 in Fighting
  2831 | D:4      | 2831 ||| Stepping ~*~*~tactically~*~*~ (outnumbered).
  2832 | D:4      | 2832 ||| Stepping ~*~*~tactically~*~*~ (outnumbered).
  2833 | D:4      | 2833 ||| Stepping ~*~*~tactically~*~*~ (outnumbered).
  2834 | D:4      | 2834 ||| Stepping ~*~*~tactically~*~*~ (outnumbered).
  2835 | D:4      | 2835 ||| Stepping ~*~*~tactically~*~*~ (stealth).
  2837 | D:4      | 2837 ||| Stepping ~*~*~tactically~*~*~ (outnumbered).
  2839 | D:4      | 2839 ||| Stepping ~*~*~tactically~*~*~ (outnumbered).
  2842 | D:4      | 2842 ||| Stepping ~*~*~tactically~*~*~ (outnumbered).
  2851 | D:4      | 2851 ||| FLEEEEING.
  2852 | D:4      | 2852 ||| FLEEEEING.
  2853 | D:4      | 2853 ||| FLEEEEING.
  2854 | D:4      | 2854 ||| FLEEEEING.
  2958 | D:4      | 2958 ||| Stepping ~*~*~tactically~*~*~ (stealth).
  3037 | D:4      | 3037 ||| Stepping ~*~*~tactically~*~*~ (hiding).
  3039 | D:4      | 3039 ||| Stepping ~*~*~tactically~*~*~ (hiding).
  3041 | D:4      | 3041 ||| Stepping ~*~*~tactically~*~*~ (stealth).
  3045 | D:4      | 3045 ||| Stepping ~*~*~tactically~*~*~ (stealth).
  3046 | D:4      | 3046 ||| Stepping ~*~*~tactically~*~*~ (stealth).
  3050 | D:4      | 3050 ||| Stepping ~*~*~tactically~*~*~ (stealth).
  3109 | D:4      | 3109 ||| Stepping ~*~*~tactically~*~*~ (stealth).
  3110 | D:4      | 3110 ||| Stepping ~*~*~tactically~*~*~ (stealth).
  3117 | D:4      | 3117 ||| Stepping ~*~*~tactically~*~*~ (stealth).
  3150 | D:4      | 3150 ||| Stepping ~*~*~tactically~*~*~ (stealth).
  3153 | D:4      | 3153 ||| Stepping ~*~*~tactically~*~*~ (stealth).
  3229 | D:4      | 3229 ||| READING scroll labelled JITRERCHAEP.
  3230 | D:4      | 3230 ||| READING 2 scrolls of identify.
  3230 | D:4      | 3230 ||| IDENTIFYING fizzy pink potion
  3245 | D:5      | Entered Level 5 of the Dungeon
  3247 | D:5      | 3247 ||| STAIRDANCE
  3270 | D:5      | Reached skill level 9 in Unarmed Combat
  3306 | D:5      | Reached skill level 1 in Dodging
  3306 | D:5      | Reached XP level 8. HP: 75/75 MP: 8/8
  3409 | D:5      | Found a bloodstained altar of Trog.
  3492 | D:5      | Found a staircase to the Ecumenical Temple.
  3515 | D:5      | Found Waej's Armour Emporium.
  3634 | D:5      | 3634 ||| Stepping ~*~*~tactically~*~*~ (stealth).
  3835 | D:5      | Found a radiant altar of Vehumet.
  3904 | D:5      | 3904 ||| UPGRADING to +0 cloak.
  3909 | D:5      | 3909 ||| READING scroll labelled HAMEQUQIMN.
  3944 | D:5      | 3944 ||| DRINKING 2 green potions.
  3945 | D:5      | 3945 ||| DRINKING 2 red potions.
  3946 | D:5      | 3946 ||| DROPPING potion of attraction.
  3994 | D:5      | 3994 ||| Stepping randomly (stuck).
  4050 | D:5      | 4050 ||| Stepping randomly (stuck).
  4197 | D:6      | Found Jofrug's Magic Scroll Emporium.
  4203 | D:6      | 4203 ||| SHOPLISTING scroll of acquirement (624 gold, have
                  | 302).
  4203 | D:6      | 4203 ||| BUYING scroll of identify (24 gold).
  4203 | D:6      | Bought a scroll of identify for 24 gold pieces
  4203 | D:6      | 4203 ||| BUYING scroll of identify (24 gold).
  4203 | D:6      | Bought a scroll of identify for 24 gold pieces
  4203 | D:6      | 4203 ||| BUYING scroll of teleportation (36 gold).
  4203 | D:6      | Bought a scroll of teleportation for 36 gold pieces
  4265 | D:6      | 4265 ||| Stepping ~*~*~tactically~*~*~ (stealth).
  4266 | D:6      | 4266 ||| Stepping ~*~*~tactically~*~*~ (stealth).
  4308 | D:6      | Reached skill level 10 in Unarmed Combat
  4348 | D:6      | 4348 ||| INVOKING Fiery Armour.
  4359 | D:6      | HP: 13/75 [electric eel/bolt of electricity (11)]
  4360 | D:6      | 4360 ||| READING scroll of teleportation.
  4361 | D:6      | 4361 ||| DRINKING potion of heal wounds.
  4365 | D:6      | 4365 ||| FLEEEEING.
  4366 | D:6      | 4366 ||| FLEEEEING.
  4367 | D:6      | 4367 ||| FLEEEEING.
  4368 | D:6      | 4368 ||| FLEEEEING.
  4385 | D:6      | 4385 ||| Stepping ~*~*~tactically~*~*~ (outnumbered).
  4677 | D:6      | Found an opulent altar of Gozag.
  4689 | D:6      | Found a sparkling altar of Nemelex Xobeh.
  4693 | D:6      | Found a basalt altar of Yredelemnul.
  4909 | D:6      | 4909 ||| READING scroll labelled OKHICWYGGIM.
  4910 | D:6      | 4910 ||| DRINKING 2 yellow potions.
  5011 | D:6      | 5011 ||| READING 3 scrolls of identify.
  5011 | D:6      | 5011 ||| IDENTIFYING smoky purple potion
  5012 | D:6      | 5012 ||| READING 2 scrolls of identify.
  5012 | D:6      | 5012 ||| IDENTIFYING emerald potion
  5013 | D:6      | 5013 ||| DROPPING potion of magic.
  5014 | D:6      | 5014 ||| DROPPING potion of ambrosia.
  5032 | D:5      | 5032 ||| READING 2 scrolls of teleportation.
  5074 | D:7      | 5074 ||| STAIRDANCE
  5116 | D:7      | 5116 ||| STAIRDANCE
  5120 | D:6      | 5120 ||| INVOKING Fiery Armour.
  5176 | D:7      | 5176 ||| Stepping ~*~*~tactically~*~*~ (outnumbered).
  5178 | D:7      | 5178 ||| DRINKING 4 potions of curing.
  5178 | D:7      | 5178 ||| (to cure confusion)
  5183 | D:7      | 5183 ||| STAIRDANCE
  5201 | D:6      | 5201 ||| Stepping randomly (disturbance).
  5218 | D:7      | Reached skill level 11 in Unarmed Combat
  5229 | D:7      | 5229 ||| DRINKING 3 potions of curing.
  5229 | D:7      | 5229 ||| (to cure confusion)
  5232 | D:7      | 5232 ||| DRINKING 2 potions of curing.
  5232 | D:7      | 5232 ||| (to cure confusion)
  5233 | D:7      | Reached XP level 9. HP: 84/84 MP: 9/9
  5233 | D:7      | 5233 ||| Stepping randomly (disturbance).
  5260 | D:7      | 5260 ||| Stepping ~*~*~tactically~*~*~ (outnumbered).
  5283 | D:7      | HP: 21/84 [something (6)]
  5298 | D:7      | 5298 ||| Stepping ~*~*~tactically~*~*~ (stealth).
  5305 | D:7      | 5305 ||| FLEEEEING.
  5359 | D:7      | 5359 ||| Stepping ~*~*~tactically~*~*~ (stealth).
  5468 | D:7      | 5468 ||| Stepping ~*~*~tactically~*~*~ (hiding).
  5481 | D:7      | 5481 ||| INVOKING Fiery Armour.
  5485 | D:7      | Reached skill level 3 in Throwing
  5491 | D:7      | HP: 18/84 [something/puff of flame (4)]
  5494 | D:7      | 5494 ||| FLEEEEING.
  5495 | D:7      | 5495 ||| FLEEEEING.
  5496 | D:7      | 5496 ||| FLEEEEING.
  5499 | D:7      | 5499 ||| FLEEEEING.
  5500 | D:7      | 5500 ||| FLEEEEING.
  5501 | D:7      | 5501 ||| FLEEEEING.
  5502 | D:7      | 5502 ||| FLEEEEING.
  5503 | D:7      | 5503 ||| FLEEEEING.
  5504 | D:7      | 5504 ||| FLEEEEING.
  5505 | D:7      | 5505 ||| FLEEEEING.
  5506 | D:7      | 5506 ||| FLEEEEING.
  5507 | D:7      | 5507 ||| FLEEEEING.
  5508 | D:7      | 5508 ||| FLEEEEING.
  5509 | D:7      | 5509 ||| FLEEEEING.
  5510 | D:7      | 5510 ||| FLEEEEING.
  5511 | D:7      | 5511 ||| FLEEEEING.
  5512 | D:7      | 5512 ||| FLEEEEING.
  5513 | D:7      | 5513 ||| FLEEEEING.
  5514 | D:7      | 5514 ||| FLEEEEING.
  5515 | D:7      | 5515 ||| FLEEEEING.
  5516 | D:7      | 5516 ||| FLEEEEING.
  5517 | D:7      | 5517 ||| FLEEEEING.
  5518 | D:7      | 5518 ||| FLEEEEING.
  5519 | D:7      | 5519 ||| FLEEEEING.
  5522 | D:7      | 5522 ||| FLEEEEING.
  5523 | D:7      | 5523 ||| FLEEEEING.
  5524 | D:7      | 5524 ||| FLEEEEING.
  5525 | D:7      | 5525 ||| FLEEEEING.
  5526 | D:7      | 5526 ||| FLEEEEING.
  5527 | D:7      | 5527 ||| FLEEEEING.
  5528 | D:7      | 5528 ||| FLEEEEING.
  5529 | D:7      | 5529 ||| FLEEEEING.
  5532 | D:7      | 5532 ||| FLEEEEING.
  5533 | D:7      | 5533 ||| FLEEEEING.
  5534 | D:7      | 5534 ||| FLEEEEING.
  5535 | D:7      | 5535 ||| FLEEEEING.
  5536 | D:7      | 5536 ||| FLEEEEING.
  5539 | D:7      | 5539 ||| STAIRDANCE
  5559 | D:6      | 5559 ||| UPGRADING to +0 steam dragon scales.
  5569 | D:6      | 5569 ||| DROPPING +0 robe.
  5613 | D:7      | 5613 ||| Stepping ~*~*~tactically~*~*~ (hiding).
  5614 | D:7      | 5614 ||| Stepping ~*~*~tactically~*~*~ (hiding).
  5615 | D:7      | 5615 ||| Stepping ~*~*~tactically~*~*~ (hiding).
  5676 | D:7      | Reached skill level 1 in Armour
  5703 | D:7      | Identified the +1 leather armour "Voys" {+Inv rC- Regen+}
  5717 | D:7      | Found an ancient bone altar of Kikubaaqudgha.
  5719 | D:7      | 5719 ||| Stepping ~*~*~tactically~*~*~ (outnumbered).
  5735 | D:7      | 5735 ||| INVOKING Fiery Armour.
  5737 | D:7      | 5737 ||| Stepping ~*~*~tactically~*~*~ (outnumbered).
  5738 | D:7      | 5738 ||| Stepping ~*~*~tactically~*~*~ (outnumbered).
  5739 | D:7      | 5739 ||| Stepping ~*~*~tactically~*~*~ (outnumbered).
  5933 | D:7      | 5933 ||| READING 2 scrolls of teleportation.
  5934 | D:7      | 5934 ||| STAIRDANCE
  5962 | D:8      | 5962 ||| STAIRDANCE
  5968 | D:7      | Reached skill level 12 in Unarmed Combat
  5970 | D:8      | 5970 ||| STAIRDANCE
  5972 | D:7      | 5972 ||| Stepping ~*~*~tactically~*~*~ (outnumbered).
  5973 | D:7      | 5973 ||| Stepping ~*~*~tactically~*~*~ (outnumbered).
  5974 | D:7      | 5974 ||| Stepping ~*~*~tactically~*~*~ (outnumbered).
  5977 | D:7      | 5977 ||| INVOKING Fiery Armour.
  6044 | D:8      | 6044 ||| Stepping ~*~*~tactically~*~*~ (outnumbered).
  6045 | D:8      | 6045 ||| Stepping ~*~*~tactically~*~*~ (outnumbered).
  6046 | D:8      | 6046 ||| Stepping ~*~*~tactically~*~*~ (outnumbered).
  6047 | D:8      | 6047 ||| Stepping ~*~*~tactically~*~*~ (outnumbered).
  6063 | D:8      | 6063 ||| Stepping ~*~*~tactically~*~*~ (outnumbered).
  6064 | D:8      | 6064 ||| Stepping ~*~*~tactically~*~*~ (outnumbered).
  6065 | D:8      | 6065 ||| Stepping ~*~*~tactically~*~*~ (outnumbered).
  6066 | D:8      | 6066 ||| Stepping ~*~*~tactically~*~*~ (outnumbered).
  6067 | D:8      | 6067 ||| Stepping ~*~*~tactically~*~*~ (outnumbered).
  6068 | D:8      | 6068 ||| Stepping ~*~*~tactically~*~*~ (outnumbered).
  6069 | D:8      | 6069 ||| Stepping ~*~*~tactically~*~*~ (outnumbered).
  6070 | D:8      | 6070 ||| Stepping ~*~*~tactically~*~*~ (outnumbered).
  6071 | D:8      | 6071 ||| Stepping ~*~*~tactically~*~*~ (outnumbered).
  6078 | D:8      | 6078 ||| Stepping ~*~*~tactically~*~*~ (hiding).
  6089 | D:8      | 6089 ||| Stepping ~*~*~tactically~*~*~ (stealth).
  6091 | D:8      | 6091 ||| Stepping ~*~*~tactically~*~*~ (hiding).
  6099 | D:8      | Reached XP level 10. HP: 92/96 MP: 10/10
  6191 | D:8      | Found a shimmering altar of Xom.
  6207 | D:8      | 6207 ||| INVOKING Fiery Armour.
  6430 | D:8      | Reached skill level 13 in Unarmed Combat
  6573 | D:8      | Found an iron altar of Okawaru.
  6593 | D:8      | 6593 ||| Stepping ~*~*~tactically~*~*~ (hiding).
  6682 | D:8      | 6682 ||| DRINKING 2 lumpy brown potions.
  6683 | D:8      | 6683 ||| READING 3 scrolls of identify.
  6683 | D:8      | 6683 ||| IDENTIFYING sedimented brown potion
  6684 | D:8      | 6684 ||| DRINKING potion of experience.
  6684 | D:8      | Reached XP level 11. HP: 104/104 MP: 11/11
  6685 | D:8      | 6685 ||| READING 2 scrolls of identify.
  6685 | D:8      | 6685 ||| IDENTIFYING puce potion
  6686 | D:8      | 6686 ||| DROPPING potion of flight.
  6687 | D:8      | 6687 ||| DROPPING potion of degeneration.
  6708 | D:7      | Found a burning altar of Makhleb.
  6708 | D:7      | Found a hazy altar of Hepliaklqana.
  6711 | D:7      | Found an ornate altar of the Wu Jian Council.
  6712 | D:7      | 6712 ||| READING scroll of teleportation.
  6931 | D:9      | 6931 ||| Stepping ~*~*~tactically~*~*~ (hiding).
  6933 | D:9      | 6933 ||| Stepping ~*~*~tactically~*~*~ (hiding).
  6940 | D:9      | 6940 ||| FLEEEEING.
  6942 | D:9      | 6942 ||| FLEEEEING.
  6943 | D:9      | 6943 ||| FLEEEEING.
  6944 | D:9      | 6944 ||| FLEEEEING.
  6945 | D:9      | 6945 ||| FLEEEEING.
  6946 | D:9      | 6946 ||| FLEEEEING.
  7214 | D:9      | 7214 ||| Stepping ~*~*~tactically~*~*~ (outnumbered).
  7222 | D:9      | 7222 ||| Stepping ~*~*~tactically~*~*~ (outnumbered).
  7223 | D:9      | 7223 ||| INVOKING Fiery Armour.
  7224 | D:9      | 7224 ||| Stepping ~*~*~tactically~*~*~ (outnumbered).
  7226 | D:9      | 7226 ||| Stepping ~*~*~tactically~*~*~ (outnumbered).
  7227 | D:9      | 7227 ||| FLEEEEING.
  7228 | D:9      | 7228 ||| FLEEEEING.
  7229 | D:9      | 7229 ||| FLEEEEING.
  7230 | D:9      | 7230 ||| FLEEEEING.
  7231 | D:9      | 7231 ||| FLEEEEING.
  7232 | D:9      | 7232 ||| FLEEEEING.
  7233 | D:9      | 7233 ||| FLEEEEING.
  7234 | D:9      | 7234 ||| FLEEEEING.
  7235 | D:9      | 7235 ||| FLEEEEING.
  7236 | D:9      | 7236 ||| FLEEEEING.
  7236 | D:9      | HP: 25/104 [poisoned by a kobold brigand]
  7237 | D:9      | 7237 ||| FLEEEEING.
  7238 | D:9      | 7238 ||| FLEEEEING.
  7239 | D:9      | 7239 ||| FLEEEEING.
  7241 | D:9      | HP: 17/104 [poisoned by a kobold brigand]
  7245 | D:9      | 7245 ||| FLEEEEING.
  7246 | D:9      | 7246 ||| FLEEEEING.
  7246 | D:9      | HP: 17/104 [poisoned by a kobold brigand]
  7249 | D:9      | 7249 ||| STAIRDANCE
  7340 | D:9      | 7340 ||| Stepping ~*~*~tactically~*~*~ (stealth).
  7347 | D:9      | 7347 ||| Stepping ~*~*~tactically~*~*~ (outnumbered).
  7355 | D:9      | 7355 ||| Stepping ~*~*~tactically~*~*~ (outnumbered).
  7356 | D:9      | 7356 ||| Stepping ~*~*~tactically~*~*~ (outnumbered).
  7396 | D:9      | Found Qusis's Distillery.
  7404 | D:9      | 7404 ||| BUYING potion of might (68 gold).
  7404 | D:9      | Bought a potion of might for 68 gold pieces
  7404 | D:9      | 7404 ||| BUYING potion of mutation (136 gold).
  7404 | D:9      | Bought a potion of mutation for 136 gold pieces
  7437 | D:9      | Paralysed by a hornet for 1 turns
  7573 | D:9      | 7573 ||| Stepping ~*~*~tactically~*~*~ (stealth).
  7574 | D:9      | 7574 ||| Stepping ~*~*~tactically~*~*~ (stealth).
  7581 | D:9      | 7581 ||| Stepping ~*~*~tactically~*~*~ (stealth).
  7630 | D:10     | Entered Level 10 of the Dungeon
  7691 | D:10     | 7691 ||| Stepping ~*~*~tactically~*~*~ (outnumbered).
  7696 | D:10     | 7696 ||| Stepping ~*~*~tactically~*~*~ (outnumbered).
  7698 | D:10     | 7698 ||| Stepping ~*~*~tactically~*~*~ (outnumbered).
  7699 | D:10     | 7699 ||| Stepping ~*~*~tactically~*~*~ (outnumbered).
  7803 | D:10     | Found a staircase to the Orcish Mines.
  7804 | D:10     | 7804 ||| INVOKING Fiery Armour.
  7805 | D:10     | 7805 ||| Stepping ~*~*~tactically~*~*~ (outnumbered).
  7806 | D:10     | 7806 ||| Stepping ~*~*~tactically~*~*~ (outnumbered).
  7807 | D:10     | 7807 ||| Stepping ~*~*~tactically~*~*~ (hiding).
  7828 | D:10     | 7828 ||| Stepping ~*~*~tactically~*~*~ (outnumbered).
  7836 | D:10     | 7836 ||| FLEEEEING.
  7837 | D:10     | 7837 ||| FLEEEEING.
  7838 | D:10     | 7838 ||| FLEEEEING.
  7839 | D:10     | 7839 ||| FLEEEEING.
  7840 | D:10     | 7840 ||| FLEEEEING.
  7841 | D:10     | 7841 ||| FLEEEEING.
  7842 | D:10     | 7842 ||| FLEEEEING.
  7843 | D:10     | 7843 ||| FLEEEEING.
  7844 | D:10     | 7844 ||| FLEEEEING.
  7845 | D:10     | 7845 ||| FLEEEEING.
  7846 | D:10     | 7846 ||| FLEEEEING.
  7847 | D:10     | 7847 ||| FLEEEEING.
  7848 | D:10     | 7848 ||| FLEEEEING.
  7849 | D:10     | 7849 ||| FLEEEEING.
  7850 | D:10     | 7850 ||| FLEEEEING.
  7851 | D:10     | 7851 ||| FLEEEEING.
  7852 | D:10     | 7852 ||| FLEEEEING.
  7853 | D:10     | 7853 ||| FLEEEEING.
  7854 | D:10     | 7854 ||| FLEEEEING.
  7855 | D:10     | 7855 ||| FLEEEEING.
  7856 | D:10     | 7856 ||| FLEEEEING.
  7857 | D:10     | 7857 ||| FLEEEEING.
  7858 | D:10     | 7858 ||| FLEEEEING.
  7859 | D:10     | 7859 ||| FLEEEEING.
  7860 | D:10     | 7860 ||| FLEEEEING.
  7861 | D:10     | 7861 ||| FLEEEEING.
  7862 | D:10     | 7862 ||| FLEEEEING.
  7863 | D:10     | 7863 ||| STAIRDANCE
  7874 | D:10     | 7874 ||| STAIRDANCE
  7876 | D:9      | 7876 ||| Stepping ~*~*~tactically~*~*~ (outnumbered).
  7877 | D:9      | 7877 ||| Stepping ~*~*~tactically~*~*~ (outnumbered).
  7879 | D:9      | Reached skill level 14 in Unarmed Combat
  7884 | D:10     | 7884 ||| STAIRDANCE
  7886 | D:9      | 7886 ||| Stepping ~*~*~tactically~*~*~ (outnumbered).
  7887 | D:9      | 7887 ||| Stepping ~*~*~tactically~*~*~ (outnumbered).
  7897 | D:10     | 7897 ||| STAIRDANCE
  7924 | D:10     | 7924 ||| STAIRDANCE
  7949 | D:10     | 7949 ||| STAIRDANCE
  7982 | D:10     | 7982 ||| Stepping ~*~*~tactically~*~*~ (hiding).
  7983 | D:10     | 7983 ||| Stepping ~*~*~tactically~*~*~ (hiding).
  7988 | D:10     | 7988 ||| INVOKING Fiery Armour.
  7989 | D:10     | 7989 ||| Stepping ~*~*~tactically~*~*~ (outnumbered).
  8184 | D:10     | Found a stormy altar of Qazlal.
  8185 | D:10     | 8185 ||| PLANNING CONVERSION TO OKAWARU
  8252 | D:8      | Fell from the grace of Ignis
  8252 | D:8      | Became a worshipper of Warmaster Okawaru
  8253 | D:8      | 8253 ||| PLANNING D:1-11
  8253 | D:8      | 8253 ||| UPGRADING to +0 kite shield.
  8301 | D:10     | Found a staircase to the Lair.
  8335 | D:10     | 8335 ||| Stepping ~*~*~tactically~*~*~ (outnumbered).
  8336 | D:10     | 8336 ||| Stepping ~*~*~tactically~*~*~ (outnumbered).
  8534 | D:10     | 8534 ||| PLANNING LAIR
  8534 | D:10     | 8534 ||| READING 2 scrolls of identify.
  8534 | D:10     | 8534 ||| IDENTIFYING dark potion
  8535 | D:10     | 8535 ||| DROPPING potion of lignification.
  8569 | Lair:1   | Entered Level 1 of the Lair of Beasts
  8579 | Lair:1   | Reached skill level 1 in Shields
  8737 | Lair:1   | 8737 ||| DRINKING potion of cancellation.
  8864 | Lair:1   | HP: 16/105 [fire elemental[the fiery vengeance of Ignis]
                  | (12)]
  8865 | Lair:1   | 8865 ||| READING scroll of teleportation.
  8865 | Lair:1   | HP: 7/105 [fire elemental[the fiery vengeance of Ignis]
                  | (10)]
  8865 | Lair:1   | Slain by a fire elemental

Levels and vault maps discovered:
D:1:      kilobyte_arrival_exit_the_forest, layout_rooms
D:2:      layout_basic, minmay_shallow_snake_nest
D:3:      layout_basic, dilly_ecumenical_altar_fadedgnrine,
          lightli_sewer_entry_pipes
D:4:      layout_rooms
D:5:      layout_loops_ring, vehumet_altar_wand_db, lemuel_round_altar,
          minmay_temple_entry_butterflies, serial_shops, nicolae_take_the_stairs
D:6:      layout_loops_ring, minmay_overflow_temple_star_quad, serial_shops,
          nicolae_shop_advertising_works [nicolae_subvault_shop_adworks],
          serial_bayou_lagoon_b
D:7:      minmay_flawed_box, layout_rooms, kennysheep_little_box,
          nicolae_overflow_hidden_temple
D:8:      layout_basic, mainiacjoe_overflow_brackets,
          mainiacjoe_overflow_alcove_1, roderic_nine_men_s_morris
D:9:      layout_irregular_city, serial_shops, nicolae_shop_crystal,
          hangedman_decor_points, chequers_serial_rivers_small_3
D:10:     layout_small_grid, nicolae_qazlal_eye_of_the_storm, dpeg_oklobed_lair,
          kennysheep_orc_monster_closet_entryway
Lair:1:   minmay_lair_oklob_tunnel, layout_gridlike, st_stairs_3,
          serial_bayou_ford_a, minivault_25, worms_lemuel

Skill      XL: |  1  2  3  4  5  6  7  8  9 10 11 |
---------------+----------------------------------+-----
Unarmed Combat | 4 5 6 8 9 11 12 13 14 | 14.0
Throwing       | 1 2 3 |  3.3
Fighting       | 3 4 5 |  5.8
Dodging        | 1 |  1.3
Armour         | 1 8 |  8.5
Shields        | 1 |  1.9
Spellcasting   | |  1.0
Fire Magic     | |  2.1

Action                   |  1- 3 |  4- 6 |  7- 9 | 10-12 || total
-------------------------+-------+-------+-------+-------++-------
Melee: Unarmed           |    69 |    91 |   273 |   232 ||   665
       Punch             |       |     1 |     6 |    11 ||    18
Throw: Javelin           |    33 |    32 |    37 |     9 ||   111
       Boomerang         |       |       |       |    19 ||    19
Invok: Fiery Armour      |       |     2 |     5 |     4 ||    11
  Use: Scroll            |     7 |     2 |    10 |     5 ||    24
       Potion            |     2 |     1 |    10 |     3 ||    16
Armor: Robe              |    19 |    33 |   102 |       ||   154
       Steam dragon scal |       |       |    36 |   121 ||   157
Dodge: Dodged            |    23 |    50 |   120 |    85 ||   278
Block: Kite shield       |       |       |       |     7 ||     7

Table legend:
 A = Non-vault XP
 B = Vault XP
 C = Vault XP percentage of total XP
 D = Non-vault monster count
 E = Vault monster count
 F = Vault count percentage of total count
                 A         B        C        D         E       F
            +---------+---------+-------+---------+---------+-------
      Total |    8071 |    2740 |  25.3 |     205 |      79 |  27.8
            +---------+---------+-------+---------+---------+-------
        D:1 |      20 |       0 |   0.0 |      12 |       0 |   0.0
        D:2 |      50 |      22 |  30.6 |      20 |       8 |  28.6
        D:3 |      18 |      92 |  83.6 |       9 |       9 |  50.0
        D:4 |     411 |       0 |   0.0 |      27 |       0 |   0.0
        D:5 |     489 |       2 |   0.4 |      10 |       1 |   9.1
        D:6 |     831 |      35 |   4.0 |      20 |       1 |   4.8
        D:7 |    1979 |     288 |  12.7 |      29 |       8 |  21.6
        D:8 |    1491 |       0 |   0.0 |      23 |       0 |   0.0
        D:9 |    1534 |     319 |  17.2 |      34 |       7 |  17.1
       D:10 |     853 |    1204 |  58.5 |      18 |      13 |  41.9
     Lair:1 |     395 |     151 |  27.7 |       3 |       1 |  25.0
      Sewer |       0 |     627 | 100.0 |       0 |      31 | 100.0
            +---------+---------+-------+---------+---------+-------
